 Dungeon Crawl Stone Soup version 0.29-a0-221-gceb61267dd (webtiles) character file.

Game seed: 18241397952433914424

179418 dolemite99 the Slayer (level 18, -3/182 HPs)
             Began as a Hill Orc Fighter on Feb 27, 2022.
             Was a Priest of Qazlal.
             Killed from afar by a merfolk aquamancer (11 damage)
             ... with a torrent of water
             ... on level 3 of the Shoals.
             The game lasted 01:11:55 (50546 turns).

dolemite99 the Slayer (Hill Orc Fighter)           Turns: 50546, Time: 01:11:56

Health: -3/182     AC: 37    Str: 27    XL:     18   Next: 23%
Magic:  22/30      EV:  7    Int:  8    God:    Qazlal [***...]
Gold:   781        SH: 16    Dex: 20    Spells: 17/17 levels left

rFire   . . .      SeeInvis +   a - +3 broad axe (venom)
rCold   . . .      Faith    +   P - +0 kite shield {AC+3}
rNeg    . . .      Spirit   .   B - +7 plate armour "Gamol" {Rampage Dex+2}
rPois   +          Reflect  .   o - +1 helmet
rElec   .          Harm     .   X - +1 cloak
rCorr   .          Rampage  +   G - +1 pair of gloves
Will    +....                   O - +1 pair of boots
Stlth   ..........              s - amulet of faith
HPRegen 0.40/turn               x - ring of Doubts {rPois Str+2 Dex+6 SInv}
MPRegen 0.22/turn               y - +4 ring of slaying {=R}

@: no status effects
A: no striking features
a: Renounce Religion, Upheaval, Elemental Force


You were on level 3 of the Shoals.
You worshipped Qazlal.
Qazlal was most pleased with you.
You visited 5 branches of the dungeon, and saw 29 of its levels.

You collected 2650 gold pieces.
You spent 1869 gold pieces at shops.

Inventory:

Hand Weapons
 a - a +3 broad axe of venom (weapon)
 h - a +2 demon whip of venom
 w - a +4 eveningstar of holy wrath
 Y - the +6 war axe of Jasiabok {freeze, Int+4}
   (You found it on level 7 of the Dungeon)

   It freezes those it strikes, dealing additional cold damage.
   It can also slow down cold-blooded creatures.
   Int:       It affects your intelligence (+4).
Missiles
 c - 3 atropa-tipped darts
 l - 43 poisoned darts (quivered)
 t - 5 javelins
 H - 4 throwing nets
 T - 8 boomerangs
Armour
 o - a +1 helmet (worn)
 B - the +7 plate armour "Gamol" (worn) {Rampage Dex+2}
   (You bought it in a shop on level 14 of the Dungeon)

   Dex:       It affects your dexterity (+2).
   Rampage:   It bestows one free step when moving towards enemies.
 G - a +1 pair of gloves (worn)
 O - a +1 pair of boots (worn)
 P - a +0 kite shield of protection (worn)
 X - a +1 cloak (worn)
Magical Staves
 v - a staff of air
Jewellery
 r - a ring of willpower
 s - an amulet of faith (around neck)
 u - a +4 ring of protection
 x - the ring of Doubts (left hand) {rPois Str+2 Dex+6 SInv}
   (You took it off a centaur warrior on level 15 of the Dungeon)

   [ring of dexterity]

   Str:       It affects your strength (+2).
   Dex:       It affects your dexterity (+6).
   rPois:     It protects you from poison.
   SInv:      It lets you see invisible.
 y - a +4 ring of slaying (right hand) {=R}
 z - a +4 ring of evasion
 F - a ring of fire
 I - a ring of flight
 U - a ring of wizardry
 V - a ring of positive energy
Wands
 g - a wand of acid (9)
 n - a wand of polymorph (21)
 p - a wand of charming (1)
 q - a wand of iceblast (6)
Scrolls
 d - 8 scrolls of identify {@r1}
 e - a scroll of fear
 f - a scroll of magic mapping
 i - 7 scrolls of vulnerability
 m - a scroll of holy word
 A - 4 scrolls of noise
 L - 10 scrolls of teleportation
 N - 2 scrolls of amnesia
 S - 2 scrolls of blinking
Potions
 j - a potion of lignification
 C - 4 potions of brilliance
 D - 8 potions of attraction
 J - 18 potions of ambrosia
 K - 2 potions of cancellation
 Q - 4 potions of curing
 W - 2 potions of berserk rage
Miscellaneous
 k - a lightning rod (inert)
 E - a phantom mirror (inert)
 M - a piece from Xom's chessboard (10/15)
 R - a box of beasts (inert)
 Z - a phial of floods (inert)


   Skills:
 - Level 21.3 Fighting
 + Level 16.9 Axes
 - Level 5.6 Throwing
 - Level 15.0 Armour
 - Level 10.8 Shields
 - Level 16.0 Invocations
 - Level 15.4 Evocations


You had 17 spell levels left.
You didn't know any spells.
Your spell library contained the following spells:

 Spells                   Type           Power      Damage    Failure   Level
 Freeze                   Ice            0%         1d3       99%         1
 Pain                     Necr           0%         1d4       99%         1
 Shock                    Conj/Air       0%         1d3       99%         1
 Sting                    Tmut/Pois      0%         1d3       99%         1
 Summon Small Mammal      Summ           0%         N/A       99%         1
 Ensorcelled Hibernation  Hex/Ice        0%         N/A       100%        2
 Static Discharge         Conj/Air       0%         N/A       100%        2
 Sublimation of Blood     Necr           0%         N/A       100%        2
 Call Canine Familiar     Summ           0%         N/A       100%        3
 Frozen Ramparts          Ice            0%         1d2       100%        3
 Gell's Gravitas          Tloc           0%         N/A       100%        3
 Lesser Beckoning         Tloc           0%         N/A       100%        3
 Spider Form              Tmut/Pois      0%         N/A       100%        3
 Summon Guardian Golem    Hex/Summ       0%         N/A       100%        3
 Swiftness                Air            0%         N/A       100%        3
 Teleport Other           Tloc           0%         N/A       100%        3
 Tukima's Dance           Hex            0%         N/A       100%        3
 Airstrike                Air            0%         N/A       100%        4
 Anguish                  Hex/Necr       0%         N/A       100%        4
 Animate Armour           Summ/Erth      0%         N/A       100%        4
 Animate Dead             Necr           0%         N/A       100%        4
 Fulminant Prism          Conj/Hex       0%         3d6       100%        4
 Hailstorm                Conj/Ice       0%         3d3       100%        4
 Iskenderun's Mystic Bla  Conj/Tloc      0%         2d3       100%        4
 Summon Lightning Spire   Summ/Air       0%         N/A       100%        4
 Agony                    Necr           0%         N/A       100%        5
 Alistair's Intoxication  Tmut/Pois      0%         N/A       100%        5
 Blade Hands              Tmut           0%         N/A       100%        5
 Excruciating Wounds      Necr           0%         N/A       100%        5
 Iskenderun's Battlesphe  Conj           0%         2d6       100%        5
 Lee's Rapid Deconstruct  Erth           0%         3d5*      100%        5
 Lightning Bolt           Conj/Air       0%         1d11      100%        5
 Dispersal                Tloc           0%         N/A       100%        6
 Iron Shot                Conj/Erth      0%         9d1       100%        6
 Enfeeble                 Hex            0%         N/A       100%        7
 Haunt                    Necr/Summ      0%         N/A       100%        7
 Malign Gateway           Summ/Tloc      0%         N/A       100%        7
 Spellforged Servitor     Conj/Summ      0%         N/A       100%        7
 Infestation              Necr           0%         N/A       100%        8
 Maxwell's Capacitive Co  Air            0%         ∞         100%        8
 Summon Horrible Things   Summ           0%         N/A       100%        8
 Chain Lightning          Conj/Air       0%         N/A       100%        9
 Fire Storm               Conj/Fire      0%         5d1       100%        9
 Shatter                  Erth           0%         3d5*      100%        9


Dungeon Overview and Level Annotations

Branches:
Dungeon (15/15)            Temple (0/1) D:6            Lair (6/6) D:11
 Shoals (3/4) Lair:4        Snake (3/4) Lair:3        Slime (0/5) Lair:5
    Orc (2/2) D:10            Elf (0/3) Orc:2        Vaults (0/5) D:13
 Depths (0/4) D:15

Altars:
Ashenzari
Dithmenos
Fedhas
Makhleb
Nemelex Xobeh
Okawaru
Qazlal
Sif Muna
Trog
Uskayaw
Xom
Yredelemnul
The Shining One
Lugonu

Shops:
D:4 *   D:13 ([=   D:14 [   Orc:2 *!*=   Snake:2 =::

Portals:
Abyss: Lair:6
Trove: D:13 (give +2 gold dragon scales)

Annotations:
D:5 exclusion: downstairs
Lair:3 1 runed translucent door


Message History

The merfolk impaler hits you but does no damage.
The water elemental closely misses you.
The merfolk aquamancer hits you but does no damage.
You are more poisoned.
The merfolk impaler hits you but does no damage.
The water elemental hits you.
The water elemental engulfs you in water!
You block the merfolk's attack.
You cannot read scrolls while unable to breathe!
You slip free of the water engulfing you.
You gasp with relief as air once again reaches your lungs.
* * * LOW HITPOINT WARNING * * *
You feel extremely sick.
The water elemental is engulfed in freezing vapours.
The merfolk aquamancer casts a spell at you.
The torrent of water misses you.
The wave splashes down.
You block the water elemental's attack.
The water elemental is engulfed in freezing vapours.
The water elemental hits you.
* * * LOW HITPOINT WARNING * * *
The water elemental engulfs you in water!
The merfolk impaler hits you from afar with a +1 demon trident of venom!
* * * LOW HITPOINT WARNING * * *
The water elemental completely misses you.
The merfolk hits you but does no damage.
You hear an angry hiss.
You feel better.
* * * LOW HITPOINT WARNING * * *
Your lungs strain for air!
You block the water elemental's attack. x2
The merfolk impaler closely misses you. The water elemental barely misses you.
The merfolk impaler hits you from afar with a +1 demon trident of venom.
* * * LOW HITPOINT WARNING * * *
You block the merfolk's attack.
You cannot read scrolls while unable to breathe!
You slip free of the water engulfing you.
You gasp with relief as air once again reaches your lungs.
The merfolk aquamancer points at you and mumbles some strange words.
The torrent of water hits you!
You die...

≈≈≈≈≈≈≈≈≈≈≈≈≈≈≈≈≈≈
≈≈≈≈≈≈≈≈≈≈≈≈≈≈≈≈≈≈≈
≈≈≈≈≈≈≈≈≈≈≈≈≈≈≈≈≈≈≈
≈≈≈≈≈≈≈≈≈≈≈≈≈≈≈≈≈≈≈≈
≈≈≈≈≈≈≈≈≈≈≈≈≈≈≈≈≈≈≈≈
.≈≈≈≈≈≈≈≈≈≈≈≈≈≈≈≈≈≈≈
..≈≈≈≈≈≈≈≈≈Em)≈≈≈≈≈≈≈
#...≈≈≈≈≈EEm)....≈≈≈≈≈
#..≈≈≈≈≈≈≈≈@Em)...≈≈≈≈≈
##.≈≈≈≈≈≈.≈(..####.≈≈§≈≈
≈P≈≈≈≈≈≈≈.≈..## .≈≈≈≈≈
P≈≈≈≈≈≈≈≈≈≈≈...##..≈≈§≈≈≈
.≈≈P≈≈≈≈≈≈≈.......≈≈≈≈≈≈≈
≈≈≈≈≈≈≈≈≈≈≈≈≈≈.##...>≈≈≈≈≈≈≈
≈≈≈≈≈≈≈≈≈≈≈≈[...#....≈≈≈≈≈≈≈
≈≈≈≈≈≈P≈≈≈≈......≈≈≈≈≈≈≈
≈≈≈≈≈≈≈≈....##..≈≈≈≈≈≈≈≈


You could see a merfolk impaler, a merfolk aquamancer, a merfolk and 4 water
elementals.

Vanquished Creatures
  An acid blob (shapeshifter) (D:15)
  Kirke (D:14)
  A tengu reaver (D:15)
  Ilsuiw (Shoals:3)
  A fire giant (D:15)
  The ghost of Fugryada the Unseen, a journeyman VSEn of Fedhas (D:13)
  A yaktaur captain (D:15)
  A fire dragon (D:15)
  2 ettins (D:15)
  5 naga warriors
  9 boulder beetles
  A death knight (D:14)
  7 hydras
  7 ogre magi
  11 centaur warriors
  9 two-headed ogres
  2 anacondas
  A satyr (Shoals:2)
  A tengu warrior (D:15)
  Urug (D:13)
  2 death yaks (Lair:6)
  3 thrashing horrors (Lair:6)
  4 shock serpents
  3 naga sharpshooters
  Amaemon (Lair:4)
  7 sea snakes
  2 salamander mystics
  3 deep trolls
  A phantasmal warrior (D:15)
  A naga ritualist (Snake:2)
  2 deep elf archers
  2 lindwurms
  A wizard (D:15)
  A deep troll (shapeshifter) (D:15)
  Pikel (D:5)
  A wolf spider (D:15)
  3 deep elf zephyrmancers
  4 mana vipers
  4 harpies (Shoals:2)
  5 deep elf pyromancers
  3 orc knights
  5 salamanders
  6 ugly things
  An orc sorcerer (Orc:2)
  13 cyclopes
  12 fauns
  20 elephants
  11 manticores
  Maurice (D:11)
  5 merfolk sirens
  2 guardian serpents
  7 naga magi
  A black mamba (shapeshifter) (D:15)
  A cane toad (shapeshifter) (Lair:6)
  An orange demon (Lair:4)
  20 black mambas
  An unseen horror (D:11)
  A smoke demon (Lair:6)
  2 gargoyles
  A torpor snail (Lair:2)
  4 water nymphs
  6 cane toads
  3 efreet (D:15)
  Psyche (D:11)
  3 freezing wraiths (D:15)
  10 komodo dragons
  An unseen horror (shapeshifter) (D:15)
  3 kobold demonologists
  4 rime drakes
  4 yaktaurs (D:13)
  An ancient zyme (Lair:6)
  A guardian mummy (D:13)
  A yaktaur (shapeshifter) (D:14)
  10 trolls
  A queen bee (Lair:1)
  5 meliai (D:15)
  11 merfolk
  Grinder (D:6)
  3 wind drakes
  10 slime creatures
  6 snapping turtles
  32 blink frogs
  Prince Ribbit (D:7)
  11 dream sheep
  2 vampires
  A spriggan (Lair:6)
  2 water elementals
  64 yaks
  3 wyverns
  2 hogs (D:14)
  A wyvern (shapeshifter) (D:15)
  2 steam dragons
  10 basilisks
  6 vampire mosquitoes
  5 chaos spawn (Lair:6)
  6 wargs
  2 acid dragons
  22 water moccasins
  2 large abominations (Lair:6)
  Duvessa (D:7)
  16 nagas
  9 small abominations (Lair:6)
  A black bear (shapeshifter) (D:15)
  2 ice beasts
  13 orc warriors
  A sky beast (D:5)
  A necrophage (D:6)
  17 ogres
  A boggart (D:15)
  10 wolves (Lair:5)
  A lemure (D:5)
  12 centaurs
  4 phantoms
  8 kobold brigands
  6 bullfrogs
  A scorpion (D:5)
  Dowan (D:7)
  36 killer bees
  An electric eel (Lair:4)
  18 wights
  3 howler monkeys
  3 vampire bats (Lair:5)
  2 jellies
  4 hounds
  Crazy Yiuf (D:7)
  11 orc priests
  3 gnoll shamans
  2 iguanas
  Terence (D:2)
  3 hell rats (Lair:4)
  21 orc wizards
  7 adders
  22 gnolls
  An ufetubus (D:4)
  6 worms
  54 orcs
  4 ball pythons
  9 bats
  5 endoplasms
  3 giant cockroaches
  6 goblins
  6 hobgoblins
  3 quokkas
  7 frilled lizards
  18 kobolds
  6 rats
863 creatures vanquished.

Vanquished Creatures (collateral kills)
  Nikola (Snake:1)
  A stone giant (Shoals:2)
  An ogre mage (Orc:2)
  3 hydras
  A naga warrior (Snake:1)
  2 boulder beetles
  2 centaur warriors (D:15)
  2 catoblepae
  A death knight (D:15)
  A two-headed ogre (Orc:2)
  A death yak (Lair:6)
  A salamander mystic (Snake:3)
  A harpy (Shoals:2)
  A salamander (Snake:2)
  A cyclops (Shoals:2)
  5 elephants (Lair:6)
  An ice statue (D:14)
  2 merfolk sirens (Shoals:2)
  A naga mage (Snake:3)
  A smoke demon (Lair:6)
  A rime drake (Lair:4)
  2 komodo dragons (Lair:6)
  A merfolk (Shoals:3)
  A polar bear (Lair:6)
  3 blink frogs (Lair:6)
  A spriggan (Lair:6)
  A wyvern (Lair:4)
  A naga (Snake:3)
  An orc warrior (Orc:2)
  4 ogres (Orc:2)
  3 killer bees (Lair:1)
  An orc priest (Orc:2)
  3 small abominations (Lair:6)
  3 orc wizards (Orc:2)
  A hell rat (Lair:4)
  2 orcs (Orc:2)
59 creatures vanquished.

Vanquished Creatures (others)
  A two-headed ogre (Orc:2)
  A black mamba (Snake:3)
  A naga mage (Snake:1)
  2 yaks (Lair:4)
  A naga (Snake:1)
  70 fungi
  151 plants
227 creatures vanquished.

Grand Total: 1149 creatures vanquished

Notes
Turn   | Place    | Note
-------+----------+-------------------------------------------
     0 | D:1      | dolemite99 the Hill Orc Fighter began the quest for the
                  | Orb.
     0 | D:1      | Reached XP level 1. HP: 19/19 MP: 1/1
   306 | D:1      | Reached XP level 2. HP: 26/26 MP: 2/2
  1051 | D:2      | Found a faded altar of an unknown god.
  1132 | D:2      | Reached XP level 3. HP: 22/31 MP: 3/3
  1455 | D:2      | Reached skill level 5 in Axes
  1468 | D:2      | Reached XP level 4. HP: 32/39 MP: 4/4
  1860 | D:2      | Noticed Terence
  1870 | D:2      | Killed Terence
  2327 | D:3      | Reached XP level 5. HP: 45/45 MP: 5/5
  2583 | D:3      | Found a stormy altar of Qazlal.
  2599 | D:3      | Found a blossoming altar of Fedhas.
  2735 | D:3      | Became a worshipper of Qazlal Stormbringer
  4051 | D:4      | Noticed a phantom
  4069 | D:4      | Killed a phantom
  4070 | D:4      | Reached XP level 6. HP: 38/51 MP: 6/6
  4381 | D:4      | Reached * piety under Qazlal
  4688 | D:4      | Found Natso's Assorted Antiques.
  4768 | D:4      | Bought an orange potion for 17 gold pieces
  4768 | D:4      | Bought a scroll labelled BOG ZYSILITTA for 19 gold pieces
  4909 | D:5      | Entered Level 5 of the Dungeon
  5436 | D:5      | Reached XP level 7. HP: 54/57 MP: 7/7
  5821 | D:5      | Reached skill level 10 in Axes
  5925 | D:5      | Noticed Pikel
  5952 | D:5      | Killed Pikel
  5953 | D:5      | Reached XP level 8. HP: 26/64 MP: 8/8
  6236 | D:5      | Reached ** piety under Qazlal
  7751 | D:5      | Found a shadowy altar of Dithmenos.
  7751 | D:5      | Found a burning altar of Makhleb.
  7757 | D:5      | Found a faded altar of an unknown god.
  7759 | D:5      | Found a faded altar of an unknown god.
  7761 | D:5      | Found a bloodstained altar of Trog.
  7878 | D:6      | Noticed Grinder
  7963 | D:6      | Reached XP level 9. HP: 61/70 MP: 9/9
  8094 | D:6      | Paralysed by Grinder for 2 turns
  8113 | D:6      | Killed Grinder
  8135 | D:6      | Reached skill level 15 in Axes
  8531 | D:6      | Found a staircase to the Ecumenical Temple.
  8553 | D:6      | Found an iron altar of Okawaru.
  8809 | D:6      | Found a shimmering blue altar of Sif Muna.
  8959 | D:6      | Reached skill level 1 in Invocations
  9619 | D:7      | Noticed Prince Ribbit
  9631 | D:7      | Killed Prince Ribbit
  9811 | D:7      | Reached skill level 5 in Invocations
 10581 | D:7      | Reached *** piety under Qazlal
 10809 | D:7      | Noticed Duvessa
 10816 | D:7      | Killed Duvessa
 10817 | D:7      | Reached XP level 10. HP: 76/77 MP: 16/16
 10817 | D:7      | Noticed Dowan
 10829 | D:7      | Killed Dowan
 10953 | D:7      | Identified the +6 war axe of Jasiabok {freeze, Int+4}
 11018 | D:7      | Found a runed translucent door.
 11020 | D:7      | Noticed Crazy Yiuf
 11027 | D:7      | Killed Crazy Yiuf
 11499 | D:8      | Reached skill level 10 in Invocations
 12422 | D:8      | Found a basalt altar of Yredelemnul.
 12546 | D:8      | Found a hide-covered altar of Uskayaw.
 12608 | D:8      | Reached **** piety under Qazlal
 13218 | D:9      | Reached skill level 4 in Fighting
 13271 | D:9      | Reached skill level 5 in Fighting
 13278 | D:9      | Reached skill level 5 in Armour
 13293 | D:9      | Reached skill level 6 in Fighting
 13294 | D:9      | Reached XP level 11. HP: 32/90 MP: 19/19
 13547 | D:9      | Found a sparkling altar of Nemelex Xobeh.
 13663 | D:9      | Found a broken altar of Ashenzari.
 14053 | D:9      | Reached skill level 7 in Fighting
 14165 | D:9      | Noticed a two-headed ogre
 14171 | D:9      | Killed a two-headed ogre
 14596 | D:10     | Entered Level 10 of the Dungeon
 14780 | D:10     | Reached skill level 8 in Fighting
 14797 | D:10     | Noticed a two-headed ogre
 14806 | D:10     | Killed a two-headed ogre
 14808 | D:10     | Reached skill level 9 in Fighting
 15773 | D:10     | Found a staircase to the Orcish Mines.
 16019 | D:11     | Noticed a seven-headed hydra
 16023 | D:11     | Killed a seven-headed hydra
 16133 | D:11     | Reached skill level 10 in Fighting
 16209 | D:11     | Noticed a manticore
 16217 | D:11     | Reached XP level 12. HP: 86/107 MP: 20/20
 16625 | D:11     | Noticed Psyche
 16632 | D:11     | Killed Psyche
 16633 | D:11     | Reached skill level 10 in Armour
 16858 | D:11     | Noticed Maurice
 16871 | D:11     | Paralysed by something for 5 turns
 16879 | D:11     | Killed Maurice
 16880 | D:11     | Reached skill level 11 in Fighting
 17220 | D:11     | Found a staircase to the Lair.
 17611 | D:12     | Noticed a boulder beetle
 17624 | D:12     | Killed a boulder beetle
 18483 | D:12     | Noticed a two-headed ogre
 18486 | D:12     | Killed a two-headed ogre
 18522 | D:12     | Reached skill level 12 in Fighting
 19002 | D:13     | Found Rarum's Weapon Shop.
 19005 | D:13     | Found a runed translucent gate.
 19005 | D:13     | Found a runed translucent gate.
 19005 | D:13     | Found a runed translucent gate.
 19006 | D:13     | Noticed Fugryada's ghost (journeyman VSEn)
 19759 | D:13     | Found a portal to a secret trove of treasure.
 19930 | D:13     | Noticed a centaur warrior
 19940 | D:13     | Killed a centaur warrior
 20177 | D:13     | Found Fesezireets's Jewellery Emporium.
 20183 | D:13     | Bought a +4 ring of evasion for 504 gold pieces
 20307 | D:13     | Found Dananeus's Antique Armour Emporium.
 20430 | D:13     | Reached skill level 13 in Fighting
 20860 | Lair:1   | Entered Level 1 of the Lair of Beasts
 21405 | Lair:1   | Reached XP level 13. HP: 123/123 MP: 21/21
 21410 | Lair:1   | Reached skill level 14 in Fighting
 22441 | Lair:2   | Reached skill level 15 in Fighting
 23604 | Lair:2   | Reached skill level 1 in Evocations
 23653 | Lair:3   | Found a staircase to the Snake Pit.
 23724 | Lair:3   | Reached skill level 5 in Evocations
 24218 | Lair:3   | Reached skill level 1 in Throwing
 24267 | Lair:3   | Reached XP level 14. HP: 128/136 MP: 22/22
 24688 | Lair:3   | Found a runed translucent door.
 24816 | Lair:4   | Noticed Amaemon
 25289 | Lair:4   | Reached skill level 5 in Throwing
 25305 | Lair:4   | Killed Amaemon
 25954 | Lair:4   | Identified the +1 scale mail "Sutucku" {Harm rN+ Int+4}
 26202 | Lair:4   | Found a staircase to the Shoals.
 26439 | Lair:5   | Found a staircase to the Slime Pits.
 27833 | Lair:6   | Entered Level 6 of the Lair of Beasts
 27858 | Lair:6   | Reached skill level 15 in Armour
 27881 | Lair:6   | Reached skill level 16 in Fighting
 28964 | Lair:6   | Reached XP level 15. HP: 124/146 MP: 17/23
 28965 | Lair:6   | Reached skill level 17 in Fighting
 30198 | Lair:6   | Found a corrupted altar of Lugonu.
 30198 | Lair:6   | Found a one-way gate to the infinite horrors of the Abyss.
 30517 | D:13     | Bought a runed scarf for 264 gold pieces
 30551 | D:13     | Noticed Urug
 30595 | D:13     | Killed Urug
 30596 | D:13     | Reached skill level 15 in Invocations
 31024 | D:13     | Found a gate to the Vaults.
 31110 | D:13     | Killed Fugryada's ghost
 31250 | D:14     | Identified a scroll of acquirement
 31251 | D:14     | Acquired a manual of Evocations
 31283 | D:14     | Found Fuot's Antique Armour Emporium.
 31338 | D:14     | Bought a pair of glowing gloves for 225 gold pieces
 31482 | D:14     | Noticed Kirke
 31490 | D:14     | Killed Kirke
 32153 | D:15     | Entered Level 15 of the Dungeon
 32301 | Orc:1    | Entered Level 1 of the Orcish Mines
 32442 | Orc:2    | Entered Level 2 of the Orcish Mines
 32442 | Orc:2    | Found Salaul's Distillery.
 32442 | Orc:2    | Found Acybuhei's Assorted Antiques.
 32458 | Orc:2    | Reached skill level 10 in Evocations
 33358 | Orc:2    | Reached XP level 16. HP: 155/155 MP: 21/27
 33469 | Orc:2    | Found Xeatatti's Assorted Antiques.
 33471 | Orc:2    | Found Binlyo Ario's Jewellery Shop.
 33636 | Orc:2    | Found a staircase to the Elven Halls.
 34238 | D:14     | Bought an obsidian-encrusted plate armour for 840 gold
                  | pieces
 34238 | D:14     | Identified the +7 plate armour "Gamol" {Rampage Dex+2} (You
                  | bought it in a shop on level 14 of the Dungeon)
 35065 | D:15     | Reached skill level 15 in Evocations
 35259 | D:15     | Found a staircase to the Depths.
 35341 | D:15     | Found a sparkling altar of Nemelex Xobeh.
 35342 | D:15     | Found a glowing golden altar of the Shining One.
 35343 | D:15     | Found a shimmering altar of Xom.
 35555 | D:15     | Noticed a tengu reaver
 35569 | D:15     | Killed a tengu reaver
 37250 | D:15     | Reached skill level 18 in Fighting
 38224 | D:15     | Noticed a shadow dragon
 38714 | D:15     | Identified the ring of Doubts {rPois Str+2 Dex+6 SInv}
 38721 | D:15     | Noticed a sphinx
 39003 | D:15     | Noticed an acid blob
 39009 | D:15     | Killed an acid blob
 39010 | D:15     | Reached skill level 19 in Fighting
 39737 | D:15     | Reached XP level 17. HP: 93/168 MP: 29/29
 40811 | D:15     | Got Xyptio's Grimoire of Doomed Poisoning
 41294 | Snake:1  | Entered Level 1 of the Snake Pit
 41370 | Snake:1  | Noticed Nikola
 41381 | Snake:1  | Reached skill level 20 in Fighting
 41383 | Snake:1  | Killed Nikola
 43485 | Snake:2  | Reached skill level 21 in Fighting
 44483 | Snake:2  | Found Dun Giuss's Book Emporium.
 44484 | Snake:2  | Found Siast's Jewellery Shop.
 44485 | Snake:2  | Found Luhu's Book Emporium.
 45426 | Snake:3  | Reached skill level 5 in Shields
 47109 | Shoals:1 | Entered Level 1 of the Shoals
 48916 | Shoals:2 | Reached XP level 18. HP: 171/182 MP: 27/30
 48919 | Shoals:2 | Reached skill level 10 in Shields
 50497 | Shoals:3 | Noticed Ilsuiw
 50532 | Shoals:3 | Killed Ilsuiw
 50545 | Shoals:3 | HP: 7/182 [merfolk impaler/+1 demon trident of venom (4)]
 50546 | Shoals:3 | Killed from afar by a merfolk aquamancer

Illustrated notes

Levels and vault maps discovered:
D:1:      sevenhm_arrival_forest_fort_large_2, layout_rooms,
          serial_bayou_lagoon_b
D:2:      layout_basic, ebering_ecumenical_altar_petrified,
          minmay_split_cup_small, uniq_terence
D:3:      layout_basic, grunt_temple_overflow_forces_of_nature,
          nicolae_overflow_hidden_temple, chequers_serial_rivers_marsh,
          minmay_cut_off
D:4:      layout_loops_ring, serial_shops, nicolae_shop_hallway_stairs
D:5:      layout_basic, chequers_temple_overflow_minitemple, uniq_pikel
D:6:      layout_layer_cave, mainiacjoe_overflow_cross_hatched,
          okawaru_gym_becter, minmay_temple_entry_waves, uniq_grinder
D:7:      layout_basic, uniq_crazy_yiuf_cottage, uniq_prince_ribbit1,
          uniq_duvessa
D:8:      layout_loops_ring, mainiacjoe_overflow_two_lobes
D:9:      layout_irregular_city, mainiacjoe_overflow_tiny_flanked,
          lemuel_tele_altar, amcnicky_mini_pool_small, glass_columns_b
D:10:     layout_loops_ring, david_orc_1_choice, minmay_fractal_squares_5
D:11:     layout_long_grid, lair_entry_dummy, serial_co_window_serial,
          co_window_paths_b, co_window_paths_a, co_window_of_opportunity_a,
          co_window_paths_b, co_window_of_opportunity_a, co_window_corner_a,
          co_window_paths_a, co_window_paths_a, co_window_paths_a,
          co_window_broadway_c, co_window_paths_c, co_window_broadway_b,
          co_window_corner_b, co_window_of_opportunity_c, co_window_corner_b,
          co_window_paths_c, co_window_paths_d, glass_columns_a,
          glass_columns_a, glass_columns_c, glass_columns_b, glass_columns_a,
          kennysheep_generic_room_3, uniq_maurice, uniq_psyche
D:12:     layout_basic
D:13:     layout_gridville, hangedman_vaults_entry_quadrant_bands,
          nicolae_trove_entry_path_of_doom, ebering_ghost_rock_garden,
          serial_shops, shop, shop, nicolae_diamond_shop, uniq_urug
D:14:     layout_basic, serial_shops, nicolae_shop_waterfront,
          hangedman_abyss_or_decor_lesser_grid, minivault_16,
          serial_park_tiny_2, uniq_kirke
D:15:     hangedman_slaughterboxes
Lair:1:   layout_cave_pods, special_room [special_room_bee]
Lair:2:   layout_gridlike, serial_bayou_lagoon_a
Lair:3:   dreamdust_labyrinth, layout_small_grid,
          minmay_snake_entry_six_corridors
Lair:4:   layout_loops_ring, minmay_shoals_entry_hut, special_room
          [special_room_mythical_zoo], uniq_amaemon
Lair:5:   layout_misc_corridors, slime_dummy, roderic_batcave,
          wad_woods_road_05, serial_bayou_shore_a
Lair:6:   hellmonk_lair_end_abyssal_woods, layout_long_grid,
          nzn_sisyphean_effort, grunt_megastairs_1
Shoals:1: layout_shoals
Shoals:2: layout_shoals, hangedman_shoals_cup_caves
Shoals:3: cheibrodos_shoals_epimethial_gifts, layout_shoals, serial_shops,
          nicolae_shop_stone, shop_fountains, uniq_polyphemus, uniq_ilsuiw
Snake:1:  layout_basic, uniq_nikola
Snake:2:  layout_basic, minmay_shop_grove
Snake:3:  nrook_guardian_serpent_snake_passage, layout_cave_shapes,
          nicolae_snake_shapes
Orc:1:    layout_caves, serial_shops
Orc:2:    st_orc_open, layout_caves, nicolae_volcano_entry_s_turn

Skill      XL: |  1  2  3  4  5  6  7  8  9 10 11 12 13 14 15 16 17 18 |
---------------+-------------------------------------------------------+-----
Axes           | 3 4 5 6 8 9 12 14 15 16 | 16.9
Invocations    | 8 11 15 16 | 16.0
Fighting       | 6 10 13 15 16 17 19 21 | 21.3
Armour         | 5 9 11 12 15 | 15.0
Evocations     | 6 12 15 | 15.4
Throwing       | 2 5 |  5.6
Shields        | 4 9 10 | 10.8

Action                   |  1- 3 |  4- 6 |  7- 9 | 10-12 | 13-15 | 16-18 || total
-------------------------+-------+-------+-------+-------+-------+-------++-------
Melee: War axe           |    87 |   173 |   212 |   393 |   701 |   715 ||  2281
       Whip              |       |       |    16 |       |       |       ||    16
       Eveningstar       |       |       |       |       |    24 |     3 ||    27
       Demon whip        |       |       |       |       |       |     8 ||     8
       Broad axe         |       |       |       |       |       |    54 ||    54
 Fire: Fustibalus        |       |    19 |    25 |       |       |       ||    44
Throw: Dart              |     9 |       |       |     7 |   160 |   183 ||   359
       Stone             |    21 |    39 |    11 |    20 |       |       ||    91
       Javelin           |       |       |       |    17 |       |    35 ||    52
       Throwing net      |       |       |       |       |     1 |       ||     1
Invok: Upheaval          |       |       |       |    22 |     8 |    29 ||    59
       Elemental Force   |       |       |       |     2 |    16 |     9 ||    27
Evoke: Wand              |       |       |    15 |    11 |    15 |    26 ||    67
       Lightning rod     |       |       |       |     4 |    14 |    26 ||    44
       Phial of floods   |       |       |       |       |     2 |     5 ||     7
       Box of beasts     |       |       |       |       |     2 |     5 ||     7
       Piece from Xom's  |       |       |       |       |     1 |    23 ||    24
       Phantom mirror    |       |       |       |       |       |     5 ||     5
  Use: Scroll            |       |     1 |    11 |    12 |    15 |    11 ||    50
       Potion            |       |       |     3 |     6 |     9 |     9 ||    27
 Stab: Invisible         |       |       |       |       |    18 |       ||    18
       Petrified         |       |       |       |       |    10 |       ||    10
       Paralysed         |       |       |       |       |     2 |     3 ||     5
       Distracted        |       |       |       |       |       |     1 ||     1
Armor: Scale mail        |    35 |    10 |       |       |       |       ||    45
       Chain mail        |       |    65 |    66 |   145 |   196 |       ||   472
       Plate armour      |       |       |       |       |   209 |   605 ||   814
Dodge: Dodged            |    46 |    53 |    45 |    92 |   236 |   192 ||   664
       Repelled          |       |       |       |     3 |     2 |       ||     5
Block: Buckler           |    19 |    36 |    70 |   137 |   326 |   188 ||   776
       Kite shield       |       |       |       |       |       |   268 ||   268

Table legend: (Time is in decaauts)
 A = Elapsed time spent in this place.
 B = Non-inter-level travel time spent in this place.
 C = Inter-level travel time spent in this place.
 D = Time resting spent in this place.
 E = Time spent auto-exploring this place.
 F = Levels seen in this place.
 G = Mean time per level.
                   A        B        C        D        E       F      G
               +--------+--------+--------+--------+--------+-----+--------+
         Total |  50283 |  48599 |   1684 |  19703 |  20727 |  29 | 1733.9 |
       Dungeon |  29744 |  28632 |   1112 |  12266 |  12130 |  15 | 1982.9 |
          Lair |   9772 |   9406 |    366 |   2300 |   5263 |   6 | 1628.7 |
        Shoals |   3292 |   3271 |     21 |    946 |   1318 |   3 | 1097.3 |
     Snake Pit |   5721 |   5598 |    123 |   3318 |   1446 |   3 | 1907.0 |
  Orcish Mines |   1752 |   1691 |     61 |    871 |    569 |   2 |  876.0 |
               +--------+--------+--------+--------+--------+-----+--------+

Top non-repeatable levels by time:
    D:15: 5688 daAuts
 Snake:2: 2756 daAuts
     D:5: 2649 daAuts
    D:12: 2604 daAuts
  Lair:6: 2422 daAuts
    D:14: 2229 daAuts
     D:4: 2174 daAuts
Shoals:2: 2081 daAuts
     D:8: 1907 daAuts
 Snake:1: 1895 daAuts
  Lair:4: 1878 daAuts
    D:11: 1770 daAuts
  Lair:1: 1597 daAuts
     D:9: 1527 daAuts
     D:7: 1523 daAuts
